AoeStats
← miniducks

Four Lakes

509203129Analyzed
1v1 RM · 5d ago on Sep 25, 2026· 54m 1s· 2 players
Game mode
Random Map
Map size
Tiny (2 player)
Population
200
Speed
Normal
Resources
Standard
Victory
Conquest
Starting age
Dark Age
Ending age
Imperial Age
RankedLock teamsTeams togetherTeam positionsShared explorationLock speedFull tech treeHidden civsTurbo modeCheats
Victory
Defeat
🇲🇽 Japanese · Mexico
829
+17
🇺🇸 Franks · United States
858
-39
gronchmet
3:36 Loom
10:27 Feudal Age
11:02 Double-Bit Axe
12:29 Man-at-Arms
18:45 Wheelbarrow
18:43 Scale Mail Armor
21:13 Castle Age
19:38 Gold Mining
20:20 Scale Barding Armor
20:33 Forging
20:22 Horse Collar
21:09 Bloodlines
21:06 Scale Barding Armor
23:18 Chain Barding Armor
24:18 Fletching
24:52 Husbandry
24:15 Light Cavalry
25:54 Bow Saw
29:06 Iron Casting
28:27 Pikeman
29:24 Chain Mail Armor
29:28 Squires
30:48 Bodkin Arrow
31:39 Stone Mining
37:06 Gold Shaft Mining
36:51 Hand Cart
41:43 Imperial Age
42:07 Ballistics
43:10 Cavalier
44:25 Bracer
45:46 Padded Archer Armor
45:36 Crossbowman
46:23 Arbalester
47:10 Thumb Ring
47:23 Leather Archer Armor
49:49 Ring Archer Armor
miniducks
10:25 Feudal Age
11:10 Loom
22:21 Castle Age
20:14 Fletching
21:26 Double-Bit Axe
21:43 Padded Archer Armor
22:08 Forging
23:31 Wheelbarrow
22:47 Pikeman
23:52 Scale Mail Armor
23:59 Elite Skirmisher
26:08 Bow Saw
30:02 Husbandry
30:12 Scale Barding Armor
30:09 Bodkin Arrow
31:18 Hand Cart
32:57 Leather Archer Armor
33:06 Chain Barding Armor
32:23 Light Cavalry
36:30 Gold Mining
36:34 Stone Mining
44:34 Imperial Age
47:19 Chain Mail Armor
48:23 Gold Shaft Mining
49:47 Chemistry
49:10 Ballistics
Connection lost

Rejoining the realm…

Still unreachable

The connection could not be restored.

Session expired

The server has moved on; the page needs a fresh start.